 Dungeon Crawl Stone Soup version 0.22-a0-877-g5c4e1afb51 (webtiles) character file.

53 Htamos the Stinger (level 4, -2/32 HPs)
             Began as a Formicid Venom Mage on July 29, 2018.
             Killed themself with a badly aimed iceblast (15 damage)
             ... on level 2 of the Dungeon.
             The game lasted 00:03:17 (1092 turns).

Htamos the Stinger (Formicid Venom Mage)            Turns: 1092, Time: 00:03:17

Health: -2/32      AC:  5    Str: 12    XL:     4   Next: 10%
Magic:  0/7        EV: 10    Int: 16    God:
Gold:   66         SH:  0    Dex: 11    Spells: 7/8 levels left

rFire    . . .     SeeInvis +   e - +0 club
rCold    . . .     Gourm    .   (no shield)
rNeg     . . .     Faith    .   g - +0 ring mail (curse)
rPois    .         Spirit   .   (helmet unavailable)
rElec    .         Reflect  .   (no cloak)
rCorr    .         Harm     .   (no gloves)
MR       .....                  (no boots)
Stlth    +.........             (no amulet)
HPRegen  0.10/turn              (no ring)
MPRegen  0.10/turn              (no ring)

@: very slightly contaminated
A: permanent stasis, dig shafts and tunnels, four strong arms, antennae 3
a: Dig, Shaft Self


You were on level 2 of the Dungeon.
You were not hungry.

You visited 1 branch of the dungeon, and saw 2 of its levels.

You collected 66 gold pieces.

Inventory:

Hand Weapons
 e - a +0 club (weapon)
Armour
 a - a +0 robe
 g - a cursed +0 ring mail (worn)
Wands
 k - a wand of random effects (34)
Scrolls
 h - a scroll of remove curse {unknown}
 j - a scroll of fog {unknown}
Potions
 b - a potion of brilliance {unknown}
 i - a potion of curing {unknown}
Comestibles
 c - a ration


   Skills:
 + Level 1.0 Fighting
 + Level 1.0 Armour
 - Level 1.7 Dodging
 + Level 3.0 Stealth
 + Level 2.5 Spellcasting
 + Level 1.2 Conjurations
 * Level 4.9 Poison Magic


You had 7 spell levels left.
You knew the following spells:

 Your Spells              Type           Power        Failure   Level  Hunger
a - Sting                 Conj/Pois      ##..         13%         1    #......

Your spell library contained the following spells:

 Spells                   Type           Power        Failure   Level  Hunger
 Mephitic Cloud           Conj/Pois/Air  #.......     50%         3    ###....
 Venom Bolt               Conj/Pois      ##........   98%         5    ######.
 Olgreb's Toxic Radiance  Pois           ###.....     50%         4    #####..
 Poisonous Vapours        Pois/Air       #.....       24%         2    ##.....


Dungeon Overview and Level Annotations

Branches:
Dungeon (2/15)

Altars:


Innate Abilities, Weirdness & Mutations

You cannot be hasted, slowed, berserked, paralysed or teleported.
You can dig through walls and to a lower floor.
Your four strong arms can wield two-handed weapons with a shield.
You have a pair of large antennae on your head. (SInv)


Message History

Your Stealth skill increases to level 3!
You have reached level 4!
You feel clever.
Casting: Sting (safe; 13% risk of failure)
Confirm with . or Enter, or press ? or * to list all spells.
Aiming: Sting (safe; 13% risk of failure)
Press: ? - help, Shift-Dir - straight line, f - hobgoblin
Aim: a hobgoblin, wielding a club (unusually strong)
The sting misses the hobgoblin.
* * * LOW MAGIC WARNING * * *
The hobgoblin hits you with a club.
* * * LOW HITPOINT WARNING * * *
Evoke which item? (* to show all) (? for menu, Esc to quit)
Aiming: Random Effects
Press: ? - help, Shift-Dir - straight line, f/p - hobgoblin
Aim: a hobgoblin, wielding a club (unusually strong)
The mass of ice explodes!
The iceblast engulfs the hobgoblin.
You kill the hobgoblin!
The iceblast engulfs you!
You die...

#########
........####
........##)##
.......(#.#@#
........)######
.......<.{......
#######.........
#.........
#.........
#.....l(..
#...w...r.
#........w


There were no monsters in sight!

Vanquished Creatures
  Robin (D:2)
  An adder (D:2)
  2 dart slugs
  A ball python (D:1)
  A giant cockroach (D:2)
  8 goblins
  5 hobgoblins
  2 jackals (D:2)
  3 bats
  2 frilled lizards
  2 kobolds (D:1)
28 creatures vanquished.

Notes
Turn   | Place    | Note
-------+----------+-------------------------------------------
     0 | D:1      | Htamos the Formicid Venom Mage began the quest for the Orb.
     0 | D:1      | Reached XP level 1. HP: 13/13 MP: 3/3
   186 | D:1      | Reached skill level 1 in Conjurations
   352 | D:1      | Reached XP level 2. HP: 19/19 MP: 3/5
   791 | D:2      | Noticed Robin
  1009 | D:2      | Reached XP level 3. HP: 25/25 MP: 3/6
  1084 | D:2      | Reached skill level 1 in Fighting
  1090 | D:2      | Killed Robin
  1090 | D:2      | Reached skill level 1 in Armour
  1090 | D:2      | Reached XP level 4. HP: 15/32 MP: 0/7
  1092 | D:2      | Killed themself with a badly aimed iceblast

Vault maps used:
D:1:      mrwooster_arrival_arrow
D:2:      general_overflow_altar, nicolae_overflow_hidden_temple, st_stairs_5,
          uniq_robin, uniq_terence

Skill      XL: |  1  2  3 |
---------------+----------+-----
Conjurations   | 1 |  1.2
Fighting       | 1 |  1.0
Armour         | 1 |  1.0
Stealth        | 3 |  3.0
Dodging        | |  1.7
Spellcasting   | |  2.5
Poison Magic   | |  4.9

Action                   |  1- 3 |  4- 6 || total
-------------------------+-------+-------++-------
Melee: Unarmed           |     5 |       ||     5
       Club              |    39 |       ||    39
 Cast: Sting             |    34 |     1 ||    35
 Abil: Dig               |     3 |       ||     3
Evoke: Wand              |     1 |     1 ||     2
  Use: Potion            |     1 |       ||     1
  Eat: Chunk             |     1 |       ||     1
Armor: Ring mail         |    60 |       ||    60
Dodge: Dodged            |    81 |       ||    81

Table legend:
 A = Spawn XP
 B = Non-spawn XP
 C = Spawn XP percentage of total XP
 D = Spawn monster count
 E = Non-spawn monster count
 F = Spawn count percentage of total count
 G = Total turns spent on level
                    A         B        C        D         E        F      G
               +---------+---------+-------+---------+---------+-------+---------
         Total |       0 |      76 |   0.0 |       0 |      28 |   0.0 |  1092
               +---------+---------+-------+---------+---------+-------+---------
           D:1 |       0 |      21 |   0.0 |       0 |      12 |   0.0 |   890
           D:2 |       0 |      55 |   0.0 |       0 |      16 |   0.0 |   202
               +---------+---------+-------+---------+---------+-------+---------
